Map: Multiprocesador EE

Players

MrFercho - Winner!

  • Race: Terran Terran
  • Spawn Location: 6:00

tigro

  • Race: Terran Terran
  • Spawn Location: 5:00

TATORREA

  • Race: Terran Terran
  • Spawn Location: 3:00

VOD

Have the link to the VOD?

Description

Time

  • Played on: March 25, 2020, 8:12 p.m.
  • Length: 23:11
Show
View Real Time Build Order
Export as new Build Order

MrFercho Terran - Winner!

Build Orders: Mech 

Get SALT Encoding   

  12  0:03  SCV  
  13  0:19  Supply Depot  
  13  0:22  Refinery  
  13  0:25  SCV  
  14  0:45  SCV  
  15  0:53  Engineering Bay  
  16  0:57  SCV  
  16  1:09  SCV, Refinery  
  17  1:21  SCV  
  18  1:33  SCV  
  19  1:42  Barracks  
  19  1:45  SCV  
  20  1:49  Engineering Bay  
  20  1:57  SCV  
  21  2:03  Supply Depot  
  21  2:09  SCV  
  21  2:11  Terran Infantry Weapons Level 1  
  22  2:19  Terran Infantry Armor Level 1  
  22  2:31  Orbital Command  
  22  2:34  Barracks Tech Lab  
  22  2:53  Marauder  
  24  3:14  Marine  
  25  3:32  Marine  
  26  3:43  Factory  
  26  3:44  Supply Depot  
  26  3:45  Supply Depot, Factory  
  26  3:46  Factory  
  26  3:59  SCV  
  27  4:11  SCV  
  28  4:23  SCV  
  29  4:26  Supply Depot  
  29  4:35  SCV, Barracks  
  29  4:36  Factory Tech Lab x3  
  30  4:47  SCV  
  31  5:10  Siege Tank x2  
  31  5:11  Cyclone  
  40  5:25  Armory  
  40  5:29  Barracks Tech Lab  
  40  5:35  Armory  
  40  5:42  Hellion  
  26  6:45  Hellion  
  25  6:51  Marauder x2  
  25  6:54  Terran Infantry Armor Level 2, Terran Infantry Weapons Level 2  
  29  7:06  Hellion  
  29  7:12  Marauder  
  22  7:54  Marauder, Marine  
  23  8:12  Marine  
  24  8:15  Marine  
  24  8:16  Command Center  
  25  8:20  Refinery  
  25  8:21  Refinery  
  25  8:29  SCV  
  26  8:40  Thor  
  32  8:41  SCV  
  32  8:45  Barracks Tech Lab  
  33  8:53  SCV  
  34  8:56  Refinery  
  34  9:05  SCV  
  35  9:18  SCV  
  35  9:23  Siege Tank  
  39  9:30  SCV  
  40  9:42  SCV  
  36  10:31  SCV, Starport x2  
  37  10:43  SCV  
  38  10:55  SCV  
  39  11:07  SCV  
  39  11:09  Factory  
  39  11:11  Factory  
  40  11:13  Factory  
  40  11:19  SCV  
  40  11:22  Refinery  
  41  11:26  Refinery  
  41  11:27  Command Center  
  38  12:09  Missile Turret  
  38  12:10  Missile Turret  
  38  12:12  Missile Turret  
  38  12:16  Missile Turret  
  32  12:39  Thor  
  32  12:41  Hellion  
  36  13:22  Siege Tank  
  25  14:51  Command Center  
  25  14:53  Factory Tech Lab x3  
  25  15:20  Bunker, Marine x2  
  27  15:36  SCV x2  
  27  15:37  Marine  
  27  15:38  Marine  
  31  15:48  SCV x2  
  33  15:50  Bunker  
  33  15:55  Marine x2  
  35  16:00  SCV  
  35  16:01  SCV  
  37  16:04  Neosteel Armor  
  37  16:05  Hi-Sec Auto Tracking  
  37  16:13  Marine x2  
  37  16:14  SCV  
  40  16:26  SCV  
  40  16:29  Starport Tech Lab  
  40  16:30  Starport Tech Lab  
  40  16:31  Marine x2  
  43  16:38  SCV  
  44  16:51  SCV  
  45  17:03  SCV  
  46  17:27  Orbital Command  
  46  17:30  Orbital Command  
  46  17:32  Orbital Command  
  46  17:41  Thor x2  
  46  17:43  Siege Tank  
  61  17:46  Cyclone  
  64  18:15  Cyclone  
  64  18:18  Cyclone  
  70  18:24  SCV, Cyclone  
  70  18:25  Cyclone  
  77  18:30  Liberator  
  77  18:31  Liberator  
  83  18:36  SCV  
  84  18:48  SCV  
  85  19:14  Supply Depot  
  85  19:19  Supply Depot  
  85  19:21  Supply Depot  
  85  19:23  Supply Depot  
  85  19:30  Terran Infantry Weapons Level 3, Terran Infantry Armor Level 3  
  85  19:34  Terran Vehicle Weapons Level 1  
  85  19:35  Terran Vehicle And Ship Armor Level 1  
  85  19:36  SCV  
  85  19:38  Supply Depot  
  86  19:44  Supply Depot  
  86  19:48  SCV  
  87  19:52  Fusion Core  
  87  19:55  Fusion Core  
  87  19:58  Fusion Core  
  87  20:00  SCV  
  88  20:12  SCV  
  89  20:24  SCV  
Show
View Real Time Build Order
Export as new Build Order

tigro Terran 

Build Orders:  

Get SALT Encoding   

  12  0:06  SCV  
  13  0:18  SCV  
  14  0:23  Supply Depot  
  14  0:30  SCV  
  14  0:32  Refinery  
  15  0:40  Refinery  
  15  0:59  SCV  
  15  1:02  Barracks  
  16  1:11  SCV  
  17  1:20  Supply Depot  
  17  1:30  SCV  
  18  1:42  SCV  
  19  1:54  SCV, Engineering Bay  
  19  1:56  Marine  
  21  2:14  Marine  
  22  2:20  Barracks  
  22  2:31  Marine  
  22  2:35  Orbital Command  
  23  2:49  Marine  
  24  3:07  Marine  
  25  3:20  Barracks Tech Lab  
  25  3:27  Barracks Tech Lab  
  25  3:46  Marauder  
  27  4:08  Marauder  
  29  4:29  Marauder  
  31  4:43  Command Center  
  31  4:47  Combat Shield  
  31  4:50  Stimpack  
  31  5:08  Supply Depot  
  31  5:12  Marauder  
  31  5:13  Terran Infantry Weapons Level 1  
  33  5:21  Marine  
  34  5:33  Marauder  
  36  5:40  Factory  
  36  6:06  Concussive Shells  
  36  6:12  Marine  
  36  6:15  Marine  
  38  6:29  Marine  
  38  6:32  Marine  
  30  6:47  Marine  
  30  6:50  Marine  
  32  7:02  Factory Tech Lab  
  32  7:05  Marine  
  32  7:07  Terran Infantry Armor Level 1  
  33  7:08  Marine  
  32  7:16  Starport  
  27  7:23  Marine  
  27  7:26  Marine  
  27  7:41  Marine  
  24  7:53  Marauder  
  26  7:59  Marauder  
  27  8:14  Marauder  
  27  8:18  Starport Tech Lab  
  29  8:20  Marauder  
  29  8:23  Siege Tank  
  34  8:36  Marauder  
  34  8:41  Planetary Fortress  
  36  8:42  Marauder  
  38  8:57  Marauder  
  38  9:01  Neosteel Armor  
  40  9:03  Marauder  
  35  9:19  Marauder, Siege Tank  
  35  9:27  Marauder  
  37  9:40  Marauder  
  37  9:50  Banshee  
  36  10:33  Banshee  
  37  10:38  Factory  
  37  10:41  Hi-Sec Auto Tracking  
  37  10:52  Factory  
  37  11:10  Marine  
  38  11:16  Medivac, Marine  
  37  11:28  Marine  
  38  11:33  Marine  
  34  11:46  Marine  
  29  12:21  Barracks  
  14  13:22  Siege Tank  
  17  13:36  Barracks Tech Lab  
  14  13:54  Siege Tank  
  7  14:16  SCV  
  8  14:26  Siege Tank  
  8  14:28  SCV  
  11  14:52  Marine  
  8  14:58  Siege Tank  
  12  15:03  Refinery  
  12  15:10  Marine  
  10  15:23  SCV  
  10  15:28  Marine  
  11  15:35  SCV  
  7  15:47  SCV  
  8  15:58  Engineering Bay  
  8  15:59  SCV  
  9  16:10  Supply Depot  
  9  16:11  SCV  
  10  16:23  SCV  
  11  16:35  SCV  
  12  16:45  Barracks  
  12  16:48  SCV  
  13  16:59  Missile Turret  
  13  17:00  SCV  
  14  17:12  SCV  
  14  17:13  Supply Depot  
  15  17:24  SCV  
  16  17:34  Refinery  
  16  17:36  SCV  
  17  17:38  Marauder  
  19  17:48  SCV  
  20  17:59  Marauder  
  20  18:00  SCV  
  23  18:12  SCV  
  24  18:21  Marauder  
  26  18:42  Marauder  
  21  19:03  Marauder  
  21  19:24  Marine  
  22  19:42  Marine  
  19  20:28  Barracks  
Show
View Real Time Build Order
Export as new Build Order

TATORREA Terran 

Build Orders: Gas First Reaper Expand 

Get SALT Encoding   

  12  0:16  SCV  
  12  0:17  Refinery  
  13  0:28  SCV  
  13  0:31  Refinery  
  14  0:40  SCV  
  15  1:39  Supply Depot  
  15  2:01  SCV, Supply Depot  
  16  2:05  Engineering Bay  
  16  2:13  SCV  
  17  2:25  SCV, Supply Depot  
  18  2:37  SCV  
  19  2:49  SCV  
  20  3:01  SCV  
  21  3:25  Supply Depot  
  21  3:44  Barracks  
  17  3:48  Supply Depot  
  2  4:35  Reaper  
  3  5:07  Reaper  
  3  5:09  SCV  
  5  5:21  SCV  
  6  5:33  SCV  
  7  5:39  Reaper  
  8  5:45  SCV  
  9  5:57  SCV  
  10  6:10  SCV  
  11  6:11  Reaper  
  12  6:21  Bunker  
  12  6:22  SCV  
  13  6:34  SCV  
  14  6:43  Reaper  
  14  6:46  SCV  
  16  6:52  Bunker  
  16  6:58  SCV  
  17  7:10  SCV  
  19  7:15  Reaper  
  19  7:22  SCV  
  20  7:26  Barracks  
  20  7:34  SCV  
  21  7:47  Reaper  
  22  7:55  Terran Infantry Weapons Level 1  
  22  8:15  SCV  
  22  8:19  Marine  
  24  8:27  SCV  
  25  8:35  Barracks Tech Lab  
  25  8:37  Marine  
  25  8:39  SCV  
  27  8:52  SCV  
  27  8:55  Marine  
  29  9:04  SCV  
  29  9:06  Marauder  
  32  9:13  Marine  
  25  9:27  Marauder  
  25  9:30  Marine  
  25  9:48  Marine  
  25  9:49  Marauder  
  28  9:54  SCV  
  29  10:06  SCV, Marine  
  26  10:10  Marauder  
  25  10:24  Marine  
  23  10:31  Marauder  
  19  10:42  Marine  
  16  10:53  Marauder  
  18  11:00  Reaper  
  19  11:14  Marauder  
  14  11:36  Marauder  
  13  12:29  Command Center  
  9  12:45  Reaper  
  9  12:49  Marauder  
  9  13:10  Marauder  
  9  13:17  Reaper  
  10  13:32  Marauder  
  12  13:49  Reaper  
  12  13:53  Marauder  
  15  14:21  Reaper  
  14  14:53  Reaper  
  13  15:25  SCV, Marine  
  14  15:43  Marine  
  15  16:00  Refinery  
  15  16:30  SCV  
  16  16:42  SCV  
  17  16:54  SCV  
  18  17:14  SCV  
  19  17:26  SCV  
  19  17:27  Refinery  
  20  17:38  SCV  
  21  17:50  SCV  
  22  18:02  SCV  
  23  18:14  SCV  
  24  18:26  SCV  
  25  18:36  Bunker  
  15  19:51  SCV  
  15  20:03  SCV  
  15  20:05  Reaper, Bunker  
  17  20:13  Marauder  
  19  20:15  SCV  
  20  20:27  SCV  
  21  20:35  Marauder  
  23  20:38  Reaper  
  23  20:39  SCV  
  25  20:56  Marauder  
  27  21:01  SCV  
  28  21:10  Reaper  
  29  21:13  SCV  
  29  21:18  Marauder  
  32  21:25  SCV  
  33  21:30  Engineering Bay  
  33  21:37  SCV  
  24  21:49  SCV  
  18  22:06  Marauder  
  11  22:27  Marauder  
Tags
 
Add a new tag
Caveats
  • Supply blocks, unpowered buildings, or Contaminate may cause inaccurate times.
  • Supply counts are checked every 10 seconds.